 Dungeon Crawl Stone Soup version 0.28-a0-987-g8383568036 (webtiles) character file.

Game seed: 3457490370104902902

14362 Froggeryz the Basher (level 12, -4/73 HPs)
             Began as a Gargoyle Cinder Acolyte on Dec 4, 2021.
             Was a High Priest of Ignis.
             Slain by an eight-headed hydra (9 damage)
             ... on level 1 of the Lair of Beasts.
             The game lasted 00:14:24 (14413 turns).

Froggeryz the Basher (Gargoyle Cinder Acolyte)     Turns: 14413, Time: 00:14:24

Health: -4/73      AC: 33    Str: 22    XL:     12   Next: 15%
Magic:  13/13      EV: 11    Int: 16    God:    Ignis [*****.]
Gold:   541        SH:  0    Dex:  5    Spells: 13/13 levels left

rFire   + . .      SeeInvis +   e - +4 flail (protect)
rCold   + . .      Faith    .   (no shield)
rNeg    + . .      Spirit   .   v - +0 acid dragon scales
rPois   ∞          Reflect  .   u - +2 helmet
rElec   +          Harm     .   r - +2 cloak {rCorr}
rCorr   +          Rampage  .   E - +0 pair of gloves
Will    .....                   D - +0 pair of boots
Stlth   ..........              y - amulet of the acrobat
HPRegen 0.22/turn               f - ring of protection from cold
MPRegen 0.13/turn               j - ring of see invisible

@: under a protective aura
A: sickness immunity, AC +8, negative energy resistance 1, electricity
resistance, torment resistance 1, petrification resistance
a: Renounce Religion, Fiery Armour, Foxfire Swarm, Rising Flame


You were on level 1 of the Lair of Beasts.
You worshipped Ignis.
Ignis was extremely pleased with you.
You visited 2 branches of the dungeon, and saw 12 of its levels.

You collected 541 gold pieces.

Inventory:

Hand Weapons
 e - a +4 flail of protection (weapon)
 g - a +1 mace of draining
 p - a +2 vorpal flail
Missiles
 h - a curare-tipped dart
 l - 9 boomerangs (quivered)
Armour
 r - a +2 cloak of preservation (worn)
 t - a scarf of repulsion
 u - a +2 helmet (worn)
 v - +0 acid dragon scales (worn)
 D - a +0 pair of boots (worn)
 E - a +0 pair of gloves (worn)
 F - a +0 kite shield of poison resistance
Jewellery
 f - a ring of protection from cold (left hand)
 j - a ring of see invisible (right hand)
 y - an amulet of the acrobat (around neck)
Wands
 x - a wand of digging (3)
 A - a wand of paralysis (4)
 H - a wand of flame (6)
 I - a wand of polymorph (4)
Scrolls
 a - 5 scrolls of teleportation
 d - a scroll of fog
 k - a scroll of enchant armour
 o - a scroll of brand weapon {unknown}
 q - 3 scrolls of amnesia
 w - a scroll of immolation
 B - 2 scrolls of magic mapping
Potions
 b - 2 potions of might {unknown}
 c - 4 potions of mutation {unknown}
 i - 2 potions of curing {unknown}
 m - a potion of resistance
 n - a potion of ambrosia {unknown}
 s - a potion of attraction {unknown}
 z - a potion of degeneration {unknown}
 C - a potion of heal wounds
 J - a potion of lignification {unknown}
Miscellaneous
 G - a lightning rod (4/4)


   Skills:
 * Level 8.1 Fighting
 + Level 14.3 Maces & Flails
 - Level 4.3 Throwing
 - Level 7.4 Armour
 - Level 3.0 Dodging
 * Level 7.3 Shields
 - Level 1.0 Spellcasting
 - Level 3.0 Fire Magic


You had 13 spell levels left.
You didn't know any spells.
Your spell library contained the following spells:

 Spells                   Type           Power      Damage    Failure   Level
 Scorch                   Fire           20%        2d6       12%         2
 Beastly Appendage        Tmut           0%         N/A       28%         1
 Freeze                   Ice            0%         1d3       28%         1
 Pain                     Necr           0%         1d4       28%         1
 Wereblood                Tmut           0%         N/A       38%         2
 Frozen Ramparts          Ice            0%         1d2       63%         3
 Lesser Beckoning         Tloc           0%         N/A       63%         3
 Spider Form              Tmut/Pois      0%         N/A       63%         3
 Fulminant Prism          Conj/Hex       0%         3d6       95%         4
 Hailstorm                Conj/Ice       0%         3d3       95%         4
 Iskenderun's Mystic Bla  Conj/Tloc      0%         2d3       95%         4
 Agony                    Necr           0%         N/A       100%        5
 Blade Hands              Tmut           0%         N/A       100%        5
 Excruciating Wounds      Necr           0%         N/A       100%        5
 Lee's Rapid Deconstruct  Erth           0%         3d5*      100%        5
 Disjunction              Tloc           0%         N/A       100%        8


Dungeon Overview and Level Annotations

Branches:
Dungeon (11/15)            Temple (0/1) D:5            Lair (1/6) D:10
    Orc (0/2) D:11

Altars:
Fedhas

Shops:
D:10 ((*

Annotations:
D:4 2 transporters
D:5 1 runed translucent door, hemabe71's ghost, novice HuAr


Innate Abilities, Weirdness & Mutations

You are immune to sickness and miasma.
Your stone body is resilient. (AC +8)
You are immune to poison.
You resist negative energy. (rN+)
You are resistant to electric shocks. (rElec)
You are resistant to unholy torment.
You are immune to petrification.


Message History

The eight-headed hydra bites you!
The eight-headed hydra bites you but does no damage.
The eight-headed hydra barely misses you.
You sock the eight-headed hydra!
The eight-headed hydra is severely wounded.
The eight-headed hydra bites you but does no damage.
The eight-headed hydra bites you!
The eight-headed hydra bites you but does no damage.
The eight-headed hydra closely misses you.
The eight-headed hydra bites you. The eight-headed hydra bites you!
* * * LOW HITPOINT WARNING * * *
The eight-headed hydra bites you but does no damage.
The eight-headed hydra barely misses you.
You are too injured to fight recklessly!
You barely miss the eight-headed hydra.
The eight-headed hydra is severely wounded.
You sock the eight-headed hydra!
The eight-headed hydra is almost dead.
The eight-headed hydra bites you but does no damage. x5
The eight-headed hydra bites you!
* * * LOW HITPOINT WARNING * * *
The eight-headed hydra closely misses you. x2
You barely miss the eight-headed hydra.
The eight-headed hydra is almost dead.
The eight-headed hydra bites you but does no damage.
The eight-headed hydra barely misses you.
The eight-headed hydra bites you but does no damage. x2
The eight-headed hydra misses you.
The eight-headed hydra bites you but does no damage.
The eight-headed hydra barely misses you.
The eight-headed hydra bites you but does no damage.
You barely miss the eight-headed hydra.
The eight-headed hydra is almost dead.
You hit the eight-headed hydra.
The eight-headed hydra is almost dead.
The eight-headed hydra bites you.
* * * LOW HITPOINT WARNING * * *
The eight-headed hydra bites you but does no damage. x3
The eight-headed hydra bites you!
You die...

...##
##........###.......
##
###.......##...###.
##.......##..#
#...).........
##............
#............
#...........#
####.##.#P..P
#8@8#......
#...D........
#.#8.8#......
...##.#...... ....
......... ..#
...##.... .. ...
#... ..... ..


You could see an eight-headed hydra.

Vanquished Creatures
  A hydra (Lair:1)
  2 centaur warriors
  3 two-headed ogres
  Nergalle (D:10)
  Pikel (D:4)
  Maurice (D:10)
  Joseph (D:7)
  An unseen horror (D:11)
  Maggie (D:7)
  A kobold demonologist (D:9)
  A komodo dragon (D:11)
  2 trolls
  2 slime creatures (D:8)
  A meliai zombie (D:11)
  3 shadows
  2 wraiths
  Eustachio (D:4)
  A basilisk (D:9)
  A wyvern (D:8)
  A steam dragon (D:7)
  4 yaks (D:11)
  4 vampire mosquitoes (D:11)
  2 acid dragons
  Edmund (D:5)
  A water moccasin (D:8)
  2 ice beasts
  A black bear (D:6)
  5 orc warriors
  2 necrophages
  4 ogres
  2 centaurs
  A phantom (D:6)
  4 lemures (D:4)
  Blork the orc (D:5)
  3 kobold brigands
  5 bullfrogs
  A wyvern zombie (D:9)
  2 scorpions
  A water moccasin skeleton (D:6)
  6 killer bees
  10 wights
  2 howler monkeys
  A bullfrog zombie (D:5)
  2 centaur zombies
  3 hounds
  3 jellies
  A bullfrog skeleton (D:4)
  7 orc priests
  Crazy Yiuf (D:4)
  A centaur skeleton (D:5)
  Ijyb (D:4)
  2 iguanas (D:6)
  5 orc wizards
  A howler monkey zombie (D:10)
  4 adders
  7 gnolls
  A shadow imp (D:6)
  3 white imps
  An ufetubus (D:5)
  An adder skeleton (D:4)
  4 dart slugs
  37 orcs
  4 bats
  2 endoplasms (D:2)
  4 giant cockroaches
  8 goblins
  10 hobgoblins
  10 jackals
  27 kobolds
  6 quokkas
  8 ball pythons
  2 frilled lizards
  5 rats
264 creatures vanquished.

Vanquished Creatures (collateral kills)
  A howler monkey zombie (D:10)
1 creature vanquished.

Vanquished Creatures (others)
  A worm (D:4)
  A fungus (Lair:1)
  4 plants (D:5)
6 creatures vanquished.

Grand Total: 271 creatures vanquished

Notes
Turn   | Place    | Note
-------+----------+-------------------------------------------
     0 | D:1      | Froggeryz the Gargoyle Cinder Acolyte began the quest for
                  | the Orb.
     0 | D:1      | Reached XP level 1. HP: 14/14 MP: 2/2
   224 | D:1      | Reached XP level 2. HP: 15/19 MP: 3/3
   353 | D:1      | Reached skill level 1 in Armour
   446 | D:1      | Found a faded altar of an unknown god.
   732 | D:1      | Reached XP level 3. HP: 11/23 MP: 4/4
  1185 | D:2      | Reached skill level 4 in Maces & Flails
  2100 | D:3      | Reached XP level 4. HP: 28/28 MP: 5/5
  2391 | D:3      | Noticed an ogre
  2488 | D:3      | Killed an ogre
  2489 | D:3      | Reached skill level 5 in Maces & Flails
  2489 | D:3      | Reached skill level 1 in Throwing
  2489 | D:3      | Reached XP level 5. HP: 17/32 MP: 6/6
  2893 | D:4      | Noticed an ogre
  2897 | D:4      | Killed an ogre
  2898 | D:4      | Reached XP level 6. HP: 27/37 MP: 7/7
  2981 | D:4      | Found a transporter.
  3243 | D:4      | Reached skill level 6 in Maces & Flails
  3273 | D:4      | Found a runed translucent door.
  3274 | D:4      | Noticed Crazy Yiuf
  3501 | D:4      | Found a transporter.
  3617 | D:4      | Noticed Pikel
  3621 | D:4      | Noticed Ijyb
  3699 | D:4      | Killed Pikel
  3700 | D:4      | Reached skill level 7 in Maces & Flails
  3700 | D:4      | Reached XP level 7. HP: 30/41 MP: 8/8
  3703 | D:4      | Killed Ijyb
  3704 | D:4      | Reached XP level 8. HP: 31/46 MP: 9/9
  4475 | D:4      | Killed Crazy Yiuf
  4553 | D:5      | Entered Level 5 of the Dungeon
  4619 | D:5      | Reached skill level 8 in Maces & Flails
  4815 | D:5      | Noticed hemabe71's ghost (novice HuAr)
  4830 | D:5      | Found a runed translucent door.
  4835 | D:5      | Noticed Eustachio
  5046 | D:4      | Killed Eustachio
  5047 | D:4      | Reached skill level 1 in Dodging
  5094 | D:5      | Found a staircase to the Ecumenical Temple.
  5193 | D:5      | Noticed Blork the orc
  5194 | D:5      | Noticed Edmund
  5202 | D:5      | Reached skill level 9 in Maces & Flails
  5214 | D:5      | Killed Blork the orc
  5225 | D:5      | Killed Edmund
  5521 | D:5      | Reached XP level 9. HP: 37/51 MP: 10/10
  5721 | D:6      | Reached skill level 10 in Maces & Flails
  7033 | D:7      | Reached skill level 11 in Maces & Flails
  7589 | D:7      | Reached XP level 10. HP: 43/56 MP: 11/11
  7791 | D:7      | Reached skill level 5 in Armour
  7892 | D:7      | Reached skill level 12 in Maces & Flails
  7898 | D:7      | Found a blossoming altar of Fedhas.
  7978 | D:7      | Noticed Maggie
  7988 | D:7      | Killed Maggie
  8084 | D:7      | Noticed Joseph
  8169 | D:7      | Paralysed by Joseph for 6 turns
  8441 | D:7      | Paralysed by Joseph for 5 turns
  8460 | D:7      | Killed Joseph
  8938 | D:8      | Noticed a two-headed ogre
  8962 | D:8      | Killed a two-headed ogre
  9155 | D:8      | Reached skill level 13 in Maces & Flails
  9548 | D:8      | Noticed a centaur warrior
  9565 | D:8      | Killed a centaur warrior
  9815 | D:8      | Got Sif Muna's Catalogue of Dislocation and Changing
  9949 | D:9      | Reached XP level 11. HP: 60/60 MP: 12/12
 10027 | D:9      | Reached skill level 1 in Shields
 11234 | D:10     | Entered Level 10 of the Dungeon
 11347 | D:10     | Found Imih's Antique Weapon Boutique.
 11456 | D:10     | Found Laraolus's Antique Weapon Emporium.
 11617 | D:10     | Reached skill level 5 in Fighting
 11666 | D:10     | Noticed Maurice
 11675 | D:10     | Killed Maurice
 11683 | D:10     | Noticed a two-headed ogre
 11697 | D:10     | Killed a two-headed ogre
 11777 | D:10     | Noticed Nergalle
 11795 | D:10     | Killed Nergalle
 12122 | D:10     | Found Uleugrem's Assorted Antiques.
 12144 | D:10     | Found a staircase to the Lair.
 12469 | D:11     | Reached skill level 5 in Shields
 12888 | D:11     | Reached skill level 14 in Maces & Flails
 13236 | D:11     | Found a staircase to the Orcish Mines.
 13256 | D:11     | Noticed a two-headed ogre
 13262 | D:11     | Noticed a centaur warrior
 13271 | D:11     | Killed a two-headed ogre
 13279 | D:11     | Killed a centaur warrior
 13613 | D:11     | Reached XP level 12. HP: 70/72 MP: 13/13
 14059 | Lair:1   | Entered Level 1 of the Lair of Beasts
 14069 | Lair:1   | Noticed a six-headed hydra
 14080 | Lair:1   | Killed a six-headed hydra
 14395 | Lair:1   | Noticed an eight-headed hydra
 14413 | Lair:1   | Slain by an eight-headed hydra

Illustrated notes

Levels and vault maps discovered:
D:1:      dpeg_arrival_three_smaller_balls, layout_basic,
          ebering_ecumenical_altar_rust, minmay_statues_item,
          minmay_pentomino_x2
D:2:      layout_loops_ring
D:3:      layout_rooms, minmay_liquid_box
D:4:      gammafunk_cloud_chamber, layout_loops_corners, lemuel_flame_loot_1,
          uniq_pikel, uniq_crazy_yiuf_cottage, uniq_ijyb
D:5:      layout_basic, minmay_temple_entry_gardened_gates,
          ebering_ghost_sewer_d, uniq_edmund, uniq_eustachio, uniq_blork_the_orc
D:6:      layout_gridville
D:7:      layout_gridville, mainiacjoe_overflow_alcove_2, uniq_maggie,
          uniq_joseph
D:8:      minmay_blocky_corners, layout_basic, minmay_misc_feat_pillars
D:9:      layout_stronghold
D:10:     layout_stronghold, lair_entry_dummy, serial_shops, kennysheep_mini,
          shop, nicolae_square_shop, uniq_nergalle, uniq_maurice
D:11:     layout_stronghold, orc_0_dummy
Lair:1:   beast_lair_carwin_large_3, layout_gridlike, small_statue_intersection,
          uniq_gastronok

Skill      XL: |  1  2  3  4  5  6  7  8  9 10 11 12 |
---------------+-------------------------------------+-----
Armour         | 1 2 4 7 |  7.4
Maces & Flails | 4 5 7 9 11 13 14 | 14.3
Throwing       | 1 2 3 4 |  4.3
Dodging        | 2 3 |  3.0
Shields        | 6 7 |  7.3
Fighting       | 7 8 |  8.1
Spellcasting   | |  1.0
Fire Magic     | |  3.0

Action                   |  1- 3 |  4- 6 |  7- 9 | 10-12 || total
-------------------------+-------+-------+-------+-------++-------
Melee: Mace              |   136 |   131 |    36 |       ||   303
       Flail             |       |       |   301 |   563 ||   864
Throw: Dart              |       |       |       |     6 ||     6
       Boomerang         |       |       |       |     6 ||     6
Evoke: Wand              |       |     7 |       |     4 ||    11
  Use: Scroll            |     3 |     1 |       |     6 ||    10
       Potion            |       |     1 |     1 |       ||     2
 Stab: Paralysed         |       |       |       |    12 ||    12
Armor: Robe              |    17 |       |       |       ||    17
       Ring mail         |    93 |    64 |   235 |    31 ||   423
       Acid dragon scale |       |       |       |   413 ||   413
Dodge: Dodged            |   105 |    81 |   223 |   367 ||   776

Table legend: (Time is in decaauts)
 A = Elapsed time spent in this place.
 B = Non-inter-level travel time spent in this place.
 C = Inter-level travel time spent in this place.
 D = Time resting spent in this place.
 E = Time spent auto-exploring this place.
 F = Levels seen in this place.
 G = Mean time per level.
                   A        B        C        D        E       F      G
               +--------+--------+--------+--------+--------+-----+--------+
         Total |  14298 |  13842 |    456 |   3007 |   8509 |  12 | 1191.5 |
       Dungeon |  14174 |  13727 |    447 |   2953 |   8486 |  11 | 1288.5 |
          Lair |    124 |    116 |      8 |     54 |     23 |   1 |  124.0 |
               +--------+--------+--------+--------+--------+-----+--------+

Top non-repeatable levels by time:
     D:4: 1861 daAuts
    D:11: 1612 daAuts
     D:6: 1439 daAuts
    D:10: 1373 daAuts
     D:5: 1329 daAuts
     D:9: 1328 daAuts
     D:8: 1162 daAuts
     D:7: 1138 daAuts
     D:2: 1045 daAuts
     D:1: 1019 daAuts
     D:3: 864 daAuts
  Lair:1: 124 daAuts
